 Dungeon Crawl Stone Soup version 0.30-a0-937-ga0a21ad780 (webtiles) character file.

Game seed: 4614903651824282315

672 cforsyth the Ogre Mage (level 7, -3/59 HPs)
             Began as an Ogre Summoner on Mar 24, 2023.
             Was an Initiate of Gozag.
             Slain by an iron imp (10 damage)
             ... summoned by Eustachio
             ... on level 4 of the Dungeon.
             The game lasted 00:12:28 (5145 turns).

cforsyth the Ogre Mage (Ogre Summoner)              Turns: 5145, Time: 00:12:29

Health: -3/59      AC:  3    Str: 10 (13) XL:     7   Next: 58%
Magic:  9/16       EV:  9    Int: 17 (18) God:    Gozag
Gold:   128        SH:  0    Dex:  7 (9)  Spells: 9/18 levels left

rFire   . . .      SeeInvis .    (no weapon)
rCold   . . .      Faith    .    (no shield)
rNeg    . . .      Spirit   .    a - +0 robe
rPois   .          Reflect  .    (helmet restricted)
rElec   .          Rampage  .    (no cloak)
rCorr   .                        (gloves unavailable)
Will    .....                    (boots unavailable)
Stlth   +                        (no amulet)
HPRegen 0.29/turn                (no ring)
MPRegen 0.15/turn                (no ring)

@: flying
A: large, unfitting armour, tough skin 1
a: Renounce Religion, Potion Petition, Call Merchant, Bribe Branch


You were on level 4 of the Dungeon.
You worshipped Gozag.
Gozag was aware of your devotion.
You visited 2 branches of the dungeon, and saw 6 of its levels.

You collected 179 gold pieces.
You paid 51 gold pieces to Gozag.

Inventory:

Armour
 a - a +0 robe (worn)
 l - a +0 kite shield
Jewellery
 n - an amulet of guardian spirit
Scrolls
 d - a scroll of enchant weapon {unknown}
 f - 2 scrolls of teleportation
 g - a scroll of enchant armour {unknown}
 i - a scroll of fog
 j - a scroll of acquirement {unknown}
 o - a scroll of blinking {unknown}
 p - a scroll of immolation {unknown}
 q - a scroll of noise {unknown}
Potions
 b - a potion of magic
 c - a potion of brilliance
 e - 2 potions of mutation
 k - 3 potions of curing
 r - a potion of haste {unknown}


   Skills:
 - Level 1.7 Dodging
 - Level 1.4 Stealth
 + Level 6.0 Spellcasting
 - Level 3.0 Hexes
 + Level 5.9 Summonings


You had 9 spell levels left.
You knew the following spells:

 Your Spells              Type           Power      Damage    Failure   Level
a - Summon Small Mammal   Summ           100%       N/A       1%          1
b - Call Imp              Summ           25%        N/A       1%          2
c - Call Canine Familiar  Summ           25%        N/A       3%          3
d - Summon Guardian Gole  Hex/Summ       20%        N/A       6%          3

Your spell library contained the following spells:

 Spells                   Type           Power      Damage    Failure   Level
 Apportation              Tloc           10%        N/A       13%         1
 Necrotise                Necr           20%        1d5       13%         1
 Summon Lightning Spire   Summ/Air       15%        N/A       36%         4


Dungeon Overview and Level Annotations

Branches:
Dungeon (5/15)             Temple (1/1) D:4

Altars:
Cheibriados
Elyvilon
Gozag
Kikubaaqudgha
Nemelex Xobeh
Qazlal
Sif Muna
Trog
Vehumet
Xom
Yredelemnul
Zin

Shops:
D:3 [?((*

Annotations:
D:4 Eustachio


Innate Abilities, Weirdness & Mutations

You are too large for most types of armour.
You have tough skin. (AC +1)


Message History

The iron imp closely misses you. The rat barely misses your rat.
The iron imp hits you!
* * * LOW HITPOINT WARNING * * *
Unknown command.
Eustachio attacks as you move away! Eustachio hits you but does no damage.
Your hound bites Eustachio.
Your bat barely misses Eustachio.
The iron imp barely misses your hound.
Eustachio casts a spell.
Eustachio blinks!
Your rat closely misses the rat.
The rat twitches its whiskers.
The rat bites you.
* * * LOW HITPOINT WARNING * * *
Unknown command.
It was a potion of flight.
You feel very buoyant.
You fly up into the air.
Eustachio seems less brilliant.
The iron imp shouts, "Quit, thou pox-marked moldwarp prigger-of-prances!"
Your rat bites the rat.
The rat bites your rat.
Unknown command.
Unknown command.
Your bat hits the rat.
The rat dies!
The rat's corpse disappears in a puff of smoke!
Eustachio casts a spell.
Eustachio blinks!
The iron imp completely misses your bat.
Your bat completely misses the iron imp.
The bat hits your bat but does no damage.
Your rat bites the iron imp but does no damage.
Your bat closely misses the bat.
Okay, then.
Okay, then.
It was a potion of degeneration.
There was something very wrong with that liquid.
You feel weakened.
You feel dopey.
You feel clumsy. The bat closely misses your bat. The iron imp hits you!
* * * LOW HITPOINT WARNING * * *
The iron imp hits you!
You die...
Your body crumbles into a pile of gold.

+[.....# #.#.#.#######.#.#...#.#
#......# ##'#'#.........#.#.###.#
#......# #.<.......####...#.# #.#
#......# #.........+....###.# #.#
#......###.........####.....# #.#
............@.r....# #.#######.#
........##.h95b5...# #.........#
.....>.........b55.# #.....##...
......####......@§.# ##.#.......
........##.........# #.#..#....
.######.###+#+#§#'## #.#.......
........# #.#.# #.#.<.....
###############.#.# #.#.......
................#.#..###§#.......
#################.#..§.§<#.......
...# .##.#§.......... ##.#
@.....[...####.#


You could see Eustachio (ally target), 3 iron imps, a bat (summoned, ally
target), a friendly guardian golem (summoned), a friendly hound (summoned,
sheltered), a friendly crimson imp (summoned, sheltered), a friendly bat
(summoned, sheltered) and a friendly rat (summoned, sheltered).

Vanquished Creatures
  2 endoplasms
  A goblin (D:1)
  2 ball pythons
  A frilled lizard (D:1)
6 creatures vanquished.

Vanquished Creatures (collateral kills)
  Grinder (D:4)
  A scorpion (D:4)
  A hound (D:3)
  A jelly (D:4)
  An iguana (D:4)
  4 adders
  2 worms
  A dart slug (D:1)
  8 orcs
  4 ball pythons
  5 bats
  10 endoplasms
  2 giant cockroaches
  7 goblins
  5 hobgoblins
  4 jackals (D:5)
  5 kobolds
  3 quokkas
  3 frilled lizards
  9 rats
77 creatures vanquished.

Vanquished Creatures (others)
  Edmund (D:4)
  An ice beast (D:4)
2 creatures vanquished.

Grand Total: 85 creatures vanquished

Notes
Turn   | Place    | Note
-------+----------+-------------------------------------------
     0 | D:1      | cforsyth the Ogre Summoner began the quest for the Orb.
     0 | D:1      | Reached XP level 1. HP: 16/16 MP: 3/3
   158 | D:1      | Reached XP level 2. HP: 23/24 MP: 3/5
   161 | D:1      | Learned a level 2 spell: Call Imp
   432 | D:1      | Reached skill level 3 in Spellcasting
   959 | D:1      | Found a faded altar of an unknown god.
   966 | D:1      | Reached XP level 3. HP: 31/31 MP: 2/7
  1308 | D:2      | Learned a level 3 spell: Call Canine Familiar
  2159 | D:2      | Reached XP level 4. HP: 36/39 MP: 4/9
  2736 | D:3      | Found Seudeamu's General Store.
  2873 | D:3      | Found Cogateab's Weapon Shop.
  2892 | D:3      | Found Jituaroq's Weapon Shop.
  2898 | D:3      | Reached skill level 4 in Spellcasting
  2904 | D:3      | Found Xeibrydo's Magic Scroll Shop.
  2934 | D:3      | Found Bon Zena's Antique Armour Shop.
  3041 | D:3      | Reached XP level 5. HP: 45/45 MP: 9/11
  3045 | D:3      | Learned a level 3 spell: Summon Guardian Golem
  3538 | D:3      | Found a bloodstained altar of Trog.
  3540 | D:3      | Found a stormy altar of Qazlal.
  3927 | D:4      | Noticed an ice beast
  3948 | D:4      | Killed an ice beast
  3949 | D:4      | Reached skill level 1 in Hexes
  3949 | D:4      | Reached skill level 5 in Summonings
  3949 | D:4      | Reached XP level 6. HP: 53/53 MP: 10/13
  4102 | D:4      | Noticed Edmund
  4122 | D:4      | Killed Edmund
  4123 | D:4      | Reached skill level 5 in Spellcasting
  4180 | D:4      | Found a staircase to the Ecumenical Temple.
  4390 | D:5      | Entered Level 5 of the Dungeon
  4462 | Temple   | Entered the Ecumenical Temple
  4492 | Temple   | Became a worshipper of Gozag Ym Sagoz the Greedy
  4730 | D:4      | Found a shimmering blue altar of Sif Muna.
  4739 | D:4      | Noticed Grinder
  4743 | D:4      | Found a radiant altar of Vehumet.
  4767 | D:4      | Killed Grinder
  4768 | D:4      | Reached XP level 7. HP: 47/59 MP: 1/15
  4902 | D:4      | Reached skill level 6 in Spellcasting
  5120 | D:4      | Noticed Eustachio
  5145 | D:4      | Slain by an iron imp

Illustrated notes

Levels and vault maps discovered:
D:1:      dpeg_arrival_rhombi, layout_basic, chequers_ecumenical_altar_island
D:2:      layout_basic
D:3:      layout_rooms, minitemple, serial_shops,
          nicolae_shop_bloodbath_and_beyond, nicolae_lakefront_shop,
          nicolae_shop_crystal, shop, nicolae_diamond_shop, wad_orctagon
D:4:      layout_basic, mainiacjoe_overflow_catwalk_spiral,
          minmay_temple_entry_from_below_a, uniq_edmund, uniq_grinder,
          uniq_eustachio
D:5:      layout_loops_cross, chequers_serial_rivers_large_b
Temple:   regret_index_temple_mists

Skill      XL: |  1  2  3  4  5  6  7 |
---------------+----------------------+-----
Spellcasting   | 3 4 5 6 |  6.0
Summonings     | 4 5 |  5.9
Hexes          | 1 3 |  3.0
Dodging        | |  1.7
Stealth        | |  1.4

Action                     |  1- 3 |  4- 6 |  7- 9 || total
---------------------------+-------+-------+-------++-------
  Melee: Unarmed           |    23 |     5 |     4 ||    32
   Cast: Summon Small Mamm |    47 |    21 |     2 ||    70
         Call Imp          |    22 |     9 |     1 ||    32
         Call Canine Famil |     6 |    21 |     3 ||    30
         Summon Guardian G |       |     4 |     1 ||     5
    Use: Scroll            |       |     4 |       ||     4
         Potion            |       |       |     2 ||     2
 Armour: Robe              |    37 |     6 |     3 ||    46
  Dodge: Dodged            |    44 |    18 |     2 ||    64

Table legend: (Time is in decaauts)
 A = Elapsed time spent in this place.
 B = Non-inter-level travel time spent in this place.
 C = Inter-level travel time spent in this place.
 D = Time resting spent in this place.
 E = Time spent auto-exploring this place.
 F = Levels seen in this place.
 G = Mean time per level.
                   A        B        C        D        E       F      G
               +--------+--------+--------+--------+--------+-----+--------+
         Total |   5146 |   5011 |    135 |     58 |   3880 |   6 |  857.7 |
       Dungeon |   5094 |   4980 |    114 |     58 |   3859 |   5 | 1018.8 |
        Temple |     51 |     30 |     21 |      0 |     21 |   1 |   51.0 |
               +--------+--------+--------+--------+--------+-----+--------+

Top non-repeatable levels by time:
     D:2: 1457 daAuts
     D:1: 1278 daAuts
     D:4: 1272 daAuts
     D:3: 980 daAuts
     D:5: 106 daAuts
  Temple: 51 daAuts
